 Dungeon Crawl Stone Soup version 0.30.0-15-g856e2d3f33 (webtiles) character file.

Game seed: 7836024537396207256

144 AleXD21137 the Ruffian (level 5, 0/46 HPs)
             Began as a Ghoul Monk on May 18, 2023.
             Slain by a black bear (2 damage)
             ... on level 4 of the Dungeon.
             The game lasted 00:07:03 (2053 turns).

AleXD21137 the Ruffian (Ghoul Monk)                 Turns: 2053, Time: 00:07:03

Health: 0/46       AC:  6    Str: 15    XL:     5   Next: 26%
Magic:  4/4        EV: 12    Int:  7    God:
Gold:   163        SH:  0    Dex: 11    Spells: 4/4 levels left

rFire   . . .        s - staff of conjuration
rCold   + . .        c - orb {light}
rNeg    + + +        a - +1 robe
rPois   ∞            (no helmet)
rElec   .            (no cloak)
rCorr   .            j - +2 pair of gloves
SInv    .            (no boots)
Will    .....        p - amulet of faith
Stlth   +            (no ring)
HPRegen 0.00/turn    (no ring)
MPRegen 0.09/turn

%: faith
@: inhibited regen, glowing
A: claws 1, cold resistance 1, negative energy resistance 3, inhibited
regeneration, torment resistance 2, devour on kill
a: no special abilities


You were on level 4 of the Dungeon.
You visited 1 branch of the dungeon, and saw 4 of its levels.

You collected 163 gold pieces.

Inventory:

Armour
 a - a +1 robe (worn)
 c - an orb of light (worn)
 j - a +2 pair of gloves (worn)
Magical Staves
 s - a staff of conjuration (weapon)
Jewellery
 p - an amulet of faith (around neck)
Wands
 q - a wand of flame (21)
Scrolls
 d - a scroll of vulnerability {unknown}
 e - a scroll of fog
 g - a scroll of teleportation {unknown}
 i - 2 scrolls of identify (quivered)
 k - a scroll of silence {unknown}
Potions
 f - a potion of invisibility {unknown}
 l - a potion of cancellation


   Skills:
 + Level 4.0 Fighting
 + Level 3.5 Dodging
 + Level 0.7 Stealth
 + Level 5.1 Unarmed Combat


You had 4 spell levels left.
You didn't know any spells.
Your spell library contained the following spells:

 Spells                   Type           Power      Damage    Failure   Level
 Magic Dart               Conj           0%         1d3       43%         1
 Call Imp                 Summ           0%         N/A       56%         2
 Mephitic Cloud           Conj/Pois/Air  0%         N/A       80%         3


Dungeon Overview and Level Annotations

Branches:
Dungeon (4/15)
 Temple: D:4-7

Altars:


Innate Abilities, Weirdness & Mutations

You are immune to poison.
You have sharp fingernails.
Your flesh is cold resistant. (rC+)
You are immune to negative energy. (rN+++)
You do not regenerate when monsters are visible.
You are immune to unholy pain and torment.
You thrive by killing the living.


Message History

The black bear barely misses you.
It was a potion of curing.
You feel better.
You feel less invigorated.
The jackal bites you but does no damage.
The black bear closely misses you. The black bear claws you.
* * * LOW HITPOINT WARNING * * *
The black bear misses you.
The jackal bites you but does no damage.
The black bear bites you but does no damage.
The black bear misses you.
The black bear claws you but does no damage.
The jackal bites you.
* * * LOW HITPOINT WARNING * * *
As you read the scroll labelled JUER ILOHEF, it crumbles to dust.
You feel a surge of unholy energy.
The black bear convulses!
It was a scroll of torment.
The jackal misses you.
The black bear goes berserk!
The black bear rages.
The jackal bites you but does no damage.
As you read the scroll labelled NIVVOO YNIU, it crumbles to dust.
It is a scroll of enchant armour.
Your +0 robe glows green for a moment.
The black bear bites you.
* * * LOW HITPOINT WARNING * * *
The black bear claws you.
* * * LOW HITPOINT WARNING * * *
The black bear barely misses you.
The jackal bites you but does no damage.
The black bear bites you.
* * * LOW HITPOINT WARNING * * *
The black bear claws you.
* * * LOW HITPOINT WARNING * * *
The black bear barely misses you.
As you read the scroll of fog, it crumbles to dust.
The scroll dissolves into smoke.
The jackal bites you but does no damage.
The black bear barely misses you. x2
The black bear claws you but does no damage.
The jackal bites you but does no damage.
The black bear closely misses you.
The black bear claws you but does no damage.
The black bear claws you.
You die...

##..###.######.##
#.........+......
##.........# ....
#.....##...# #..#
########...###..##
#......#§§§#
#......#§§§#
##....##hh§+
##....##§@§#
#)....##..##
#.....##..#
#.........#
#..#####...# ####
#...# #...# #...#
#####


You could see a black bear (berserk) and a jackal.

Vanquished Creatures
  A scorpion (D:4)
  3 adders
  2 worms (D:3)
  2 dart slugs (D:1)
  An orc (D:3)
  2 ball pythons (D:3)
  A bat (D:1)
  5 endoplasms
  4 giant cockroaches
  3 hobgoblins
  3 jackals (D:4)
  5 kobolds
  3 quokkas
  3 frilled lizards
  4 goblins
  4 rats (D:1)
46 creatures vanquished.

Notes
Turn   | Place    | Note
-------+----------+-------------------------------------------
     0 | D:1      | AleXD21137 the Ghoul Monk began the quest for the Orb.
     0 | D:1      | Reached XP level 1. HP: 19/19 MP: 0/0
   115 | D:1      | Reached XP level 2. HP: 22/26 MP: 1/1
   720 | D:1      | Reached XP level 3. HP: 31/31 MP: 2/2
  1037 | D:2      | You fall into a shaft and drop 1 floor!
  1181 | D:3      | Reached skill level 4 in Unarmed Combat
  1429 | D:3      | Reached XP level 4. HP: 40/40 MP: 3/3
  1963 | D:4      | Noticed a scorpion
  1973 | D:4      | Killed a scorpion
  1974 | D:4      | Reached skill level 5 in Unarmed Combat
  1974 | D:4      | Reached XP level 5. HP: 43/46 MP: 4/4
  2016 | D:4      | Noticed a black bear
  2051 | D:4      | HP: 2/46 [black bear (2)]
  2053 | D:4      | Slain by a black bear

Illustrated notes

Levels and vault maps discovered:
D:1:      lightli_iron_boxes, layout_basic
D:2:      kennysheep_big_flooded_room, layout_basic, minivault_24,
          minmay_increasing_density
D:3:      layout_basic
D:4:      layout_gridville, amcnicky_mini_rare_corridor_liquid,
          nrook_mini_backslash, st_stairs_1, uniq_pikel, uniq_menkaure,
          uniq_blork_the_orc

Skill      XL: |  1  2  3  4 |
---------------+-------------+-----
Dodging        | 3 |  3.5
Unarmed Combat | 4 5 |  5.1
Fighting       | 4 |  4.0
Stealth        | |  0.7

Action                     |  1- 3 |  4- 6 || total
---------------------------+-------+-------++-------
  Melee: Unarmed           |   100 |    45 ||   145
         Staff             |       |    23 ||    23
  Evoke: Wand              |       |     1 ||     1
    Use: Potion            |     1 |     4 ||     5
         Scroll            |       |     5 ||     5
 Armour: Robe              |    26 |    58 ||    84
  Dodge: Dodged            |    45 |   115 ||   160
